 Dungeon Crawl Stone Soup version 0.30-a0-629-gd54f4be4f7 (webtiles) character file.

Game seed: 13586878882022394370

93 mandoloar the Chopper (level 4, 0/39 HPs)
             Began as a Minotaur Fighter on Jan 12, 2023.
             Slain by an ogre
             ... wielding a +0 giant club
              (22 damage)
             ... on level 4 of the Dungeon.
             The game lasted 00:04:20 (2696 turns).

mandoloar the Chopper (Minotaur Fighter)            Turns: 2696, Time: 00:04:21

Health: 0/39       AC:  6    Str: 22    XL:     4   Next: 37%
Magic:  3/3        EV:  9    Int:  5    God:
Gold:   69         SH:  4    Dex: 10    Spells: 3/3 levels left

rFire   . . .      SeeInvis +    a - +0 war axe
rCold   . . .      Faith    .    c - +0 buckler
rNeg    . . .      Spirit   .    b - +0 scale mail
rPois   .          Reflect  .    (helmet restricted)
rElec   .          Harm     .    (no cloak)
rCorr   +          Rampage  .    (no gloves)
Will    .....                    (no boots) Stlth
                                 (no amulet)
HPRegen 0.26/turn                l - ring of see invisible
MPRegen 0.08/turn                n - ring of resist corrosion

@: mighty
A: horns 2, retaliatory headbutt
a: no special abilities


You were on level 4 of the Dungeon.
You visited 1 branch of the dungeon, and saw 4 of its levels.

You collected 69 gold pieces.

Inventory:

Hand Weapons
 a - a +0 war axe (weapon)
Missiles
 h - 30 stones (quivered)
 i - a throwing net
Armour
 b - a +0 scale mail (worn)
 c - a +0 buckler (worn)
Jewellery
 l - a ring of see invisible (left hand)
 n - a ring of resist corrosion (right hand)
 p - a ring of protection from cold
Wands
 k - a wand of iceblast (9)
Scrolls
 e - 2 scrolls of poison
 q - a scroll of amnesia {unknown}
Potions
 f - a potion of resistance {unknown}
 g - 2 potions of curing
 j - a potion of mutation {unknown}
 m - a potion of heal wounds {unknown}
 o - 2 potions of haste {unknown}


   Skills:
 - Level 3.6 Fighting
 + Level 5.7 Axes
 - Level 3.6 Armour
 - Level 3.6 Shields


You had 3 spell levels left.
You didn't know any spells.
Your spell library contained the following spells:

 Spells                   Type           Power      Damage    Failure   Level
 Apportation              Tloc           0%         N/A       88%         1
 Necrotise                Necr           0%         1d4       88%         1
 Summon Small Mammal      Summ           0%         N/A       88%         1


Dungeon Overview and Level Annotations

Branches:
Dungeon (4/15)
 Temple: D:4-7

Altars:
Wu Jian


Innate Abilities, Weirdness & Mutations

You have a pair of horns on your head.
You reflexively headbutt those who attack you in melee.


Message History

You start waiting.
Done waiting.
There is a stone staircase leading down here.
You now have 69 gold pieces (gained 4).
Found an ornate altar of the Wu Jian Council.
Found a trident.
Done exploring.
Done exploring.
Done exploring.
(D) Dungeon
Where to? (Enter - D:3, ? - help)
Okay, then.
Unknown command.
Unknown command.
(D) Dungeon
Where to? (Enter - D:3, ? - help)
There is a stone staircase leading down here.
You climb downwards.
There is a stone staircase leading up here.
Found an escape hatch in the ceiling.
There is an escape hatch in the ceiling here.
q - a scroll labelled GISAKY WALAP
There is an escape hatch in the ceiling here.
A mysterious force pulls you upwards. The hatch slams shut behind you.
(D) Dungeon
Where to? (Enter - D:4, ? - help)
There is an open door here.
There is a stone staircase leading down here.
You climb downwards.
There is a stone staircase leading up here.
An ogre comes into view. It is wielding a +0 giant club.
The ogre shouts!
A scorpion comes into view.
You feel very mighty all of a sudden. The ogre hits you with a +0 giant club!
You slice the ogre!!
The ogre is severely wounded.
The ogre hits you with a +0 giant club!!
Ouch! That really hurt!
You die...

#.# #.# #.#
#.# #.# ##.#
##..#########
#...sO@.....#
#.#########.#
.. #.# #O #.#
..
...###.#####
..
............#
.
#######.##.##
#.##.# #.##.#


You could see an ogre and a scorpion.

Vanquished Creatures
  Ijyb (D:2)
  An adder (D:2)
  A dart slug (D:1)
  4 orcs (D:3)
  6 ball pythons
  2 bats
  7 endoplasms
  A giant cockroach (D:1)
  A goblin (D:2)
  5 hobgoblins
  3 kobolds
  4 quokkas
  6 frilled lizards
  7 rats
49 creatures vanquished.

Notes
Turn   | Place    | Note
-------+----------+-------------------------------------------
     0 | D:1      | mandoloar the Minotaur Fighter began the quest for the Orb.
     0 | D:1      | Reached XP level 1. HP: 19/19 MP: 0/0
   151 | D:1      | Reached skill level 3 in Axes
   257 | D:1      | Reached XP level 2. HP: 23/26 MP: 1/1
   422 | D:1      | Reached skill level 4 in Axes
   996 | D:2      | Reached XP level 3. HP: 29/31 MP: 2/2
  1416 | D:2      | Reached skill level 5 in Axes
  1847 | D:3      | Noticed Ijyb
  1924 | D:2      | Killed Ijyb
  1925 | D:2      | Reached XP level 4. HP: 30/39 MP: 3/3
  2453 | D:3      | Found an ornate altar of the Wu Jian Council.
  2688 | D:4      | Noticed an ogre
  2693 | D:4      | Noticed a scorpion
  2696 | D:4      | Slain by an ogre

Illustrated notes

Levels and vault maps discovered:
D:1:      minmay_arrival_jagged, layout_basic, minmay_misc_feat_encased
D:2:      layout_loops_corners
D:3:      gammafunk_steamed_eel, layout_basic, nicolae_overflow_hidden_temple,
          hellmonk_ecumenical_altar_defaced_shrine, kennysheep_generic_room_12,
          uniq_natasha, uniq_robin, uniq_terence, uniq_ijyb
D:4:      layout_basic, amcnicky_altar_gilded

Skill      XL: |  1  2  3 |
---------------+----------+-----
Axes           | 3 4 5 |  5.7
Fighting       | |  3.6
Armour         | |  3.6
Shields        | |  3.6

Action                   |  1- 3 |  4- 6 || total
-------------------------+-------+-------++-------
Melee: War axe           |    92 |    17 ||   109
       Headbutt          |     9 |     2 ||    11
Throw: Stone             |     1 |       ||     1
  Use: Scroll            |     4 |       ||     4
       Potion            |       |     1 ||     1
Armor: Scale mail        |    39 |     6 ||    45
Dodge: Dodged            |    40 |     5 ||    45
Block: Buckler           |    16 |     3 ||    19

Table legend: (Time is in decaauts)
 A = Elapsed time spent in this place.
 B = Non-inter-level travel time spent in this place.
 C = Inter-level travel time spent in this place.
 D = Time resting spent in this place.
 E = Time spent auto-exploring this place.
 F = Levels seen in this place.
 G = Mean time per level.
                   A        B        C        D        E       F      G
               +--------+--------+--------+--------+--------+-----+--------+
         Total |   2732 |   2536 |    196 |    247 |   1876 |   4 |  683.0 |
       Dungeon |   2732 |   2536 |    196 |    247 |   1876 |   4 |  683.0 |
               +--------+--------+--------+--------+--------+-----+--------+

Top non-repeatable levels by time:
     D:2: 991 daAuts
     D:1: 975 daAuts
     D:3: 693 daAuts
     D:4: 72 daAuts
